 Dungeon Crawl Stone Soup version 0.31.0-32-g396128a36d (webtiles) character file.

Game seed: 17982806895344416930

252 cdecastro the Grave Robber (level 6, 0/41 HPs)
             Began as a Human Necromancer on Mar 19, 2024.
             Constricted to death by a ball python (1 damage)
             ... on level 4 of the Dungeon.
             The game lasted 00:09:57 (4052 turns).

cdecastro the Grave Robber (Human Necromancer)      Turns: 4052, Time: 00:09:58

Health: 0/41       AC:  2    Str:  9    XL:     6   Next: 13%
Magic:  9/9        EV:  9    Int: 17    God:
Gold:   136        SH:  0    Dex: 13    Spells: 1/9 levels left

rFire   . . .        v - +0 spear
rCold   . . .        (no shield)
rNeg    . . .        a - +0 robe
rPois   .            (no helmet)
rElec   .            (no cloak)
rCorr   .            (no gloves)
SInv    .            (no boots)
Will    .....        (no amulet)
Stlth   +            r - ring of wizardry
HPRegen 0.26/turn    (no ring)
MPRegen 0.11/turn

%: wizardry (x1)
@: confused, constricted
A: explore regen
a: no special abilities


You were on level 4 of the Dungeon.
You visited 1 branch of the dungeon, and saw 4 of its levels.

You collected 136 gold pieces.

Inventory:

Hand Weapons
 c - a +0 dagger
 v - a +0 spear (weapon)
Missiles
 q - 7 poisoned darts
 s - 3 atropa-tipped darts
Armour
 a - a +0 robe (worn)
 i - a +0 leather armour
 j - a +0 ring mail
 o - a +0 pair of gloves
Jewellery
 r - a ring of wizardry (left hand)
Talismans
 u - a beast talisman
Scrolls
 d - a scroll of noise {unknown}
 e - a scroll of vulnerability {unknown}
 g - 4 scrolls of teleportation {unknown}
 h - 2 scrolls of fear {unknown}
 k - 3 scrolls of blinking {unknown}
 n - a scroll of fog {unknown}
 p - 2 scrolls of poison {unknown}
 t - 2 scrolls of amnesia {unknown}
Potions
 b - a potion of magic
 f - 4 potions of curing {unknown}
 l - a potion of haste {unknown}
 m - a potion of cancellation {unknown}


   Skills:
 - Level 2.0 Dodging
 - Level 2.0 Stealth
 - Level 2.0 Spellcasting
 + Level 7.2 Necromancy


You had one spell level left.
You knew the following spells:

 Your Spells              Type           Power      Damage    Failure   Level
a - Necrotise             Necr           100%       1d9       1%          1
b - Vampiric Draining     Necr           26%        2d7       1%          3
c - Animate Dead          Necr           26%        N/A       4%          4

Your spell library contained the following spells:

 Spells                   Type           Power      Damage    Failure   Level
 Foxfire                  Conj/Fire      4%         2x1d4     8%          1
 Sting                    Conj/Alch      4%         1d3       8%          1
 Curse of Agony           Necr           26%        N/A       11%         5
 Ensorcelled Hibernation  Hex/Ice        2%         N/A       12%         2
 Mercury Vapours          Alch/Air       2%         N/A       12%         2
 Passwall                 Erth           1%         N/A       22%         3
 Swiftness                Air            1%         N/A       22%         3
 Volatile Blastmotes      Fire/Tloc      2%         2d10      22%         3
 Fulminant Prism          Conj/Alch      0%         3d5       56%         4
 Iskenderun's Mystic Bla  Conj/Tloc      1%         2d3       56%         4
 Olgreb's Toxic Radiance  Alch           1%         N/A       56%         4
 Plasma Beam              Fire/Air       0%         2x1d10    100%        6
 Starburst                Conj/Fire      0%         6d3       100%        6


Dungeon Overview and Level Annotations

Branches:
Dungeon (4/15)             Temple (0/1) D:4

Altars:
Zin

Portals:
Ossuary: D:4

Annotations:
D:2 exclusion: phantom


Innate Abilities, Weirdness & Mutations

You regain HP and MP as you explore.


Message History

The orc zombie barely misses you.
Unknown command.
You hit the mummy but do no damage.
The mummy is moderately damaged.
The ball python closely misses you. The ball python constricts you.
* * * LOW HITPOINT WARNING * * *
The orc wizard hits you with a +0 dagger.
* * * LOW HITPOINT WARNING * * *
The mummy hits you.
* * * LOW HITPOINT WARNING * * *
Unknown command.
You hit the mummy but do no damage.
The mummy is moderately damaged.
The ball python closely misses you. The ball python constricts you.
The orc wizard gestures at you while chanting.
You are more confused.
The orc wizard hits you with a +0 dagger.
* * * LOW HITPOINT WARNING * * *
The ball python barely misses you. The ball python constricts you.
* * * LOW HITPOINT WARNING * * *
You are too confused!
Unknown command.
Unknown command.
You hit the mummy.
The mummy is heavily damaged.
The ball python bites you but does no damage.
The ball python constricts you.
* * * LOW HITPOINT WARNING * * *
The orc wizard barely misses you.
The orc wizard mumbles some strange words.
The orc wizard flickers and vanishes!
Deactivating autopickup; reactivate with Ctrl-A.
The orc hits you with a +0 short sword.
* * * LOW HITPOINT WARNING * * *
The mummy hits you.
* * * LOW HITPOINT WARNING * * *
You hit the mummy but do no damage.
The mummy is heavily damaged.
The ball python misses you. The ball python constricts you.
You die...

.##........ .........o8 ...
.##... .##.......> .. #.....#
.########.8 ##. #...#.# .#
#...##..## '.S...#### .#
#o$.#..#.###........# .#
#.<...##..##...# #<# .#
#....###.S.#...####......
.######
#...##∩M@oZ.........$.^.#
......#
#...o###o{.#...####O.##..
..###.###.....##..##.#.......#
# #)#
#..........#.###.#.#####.#
#.###.###.......##.'...# ..
#.....# #..###...###..## ##
.....## #..# #....##.## #.##.#
#..# #.##..#.# #.##.#
##.....###...#


You could see a mummy, an orc wizard, an orc, an orc zombie and a ball python.

Vanquished Creatures
  A scorpion (D:4)
  A jelly (D:4)
  5 gnolls
  4 adders
  3 dart slugs
  4 ribbon worms
  3 orcs
  6 ball pythons
  2 endoplasms
  A giant cockroach (D:1)
  8 goblins
  4 hobgoblins
  7 jackals
  8 kobolds
  A quokka (D:1)
  3 bats
  2 frilled lizards (D:1)
  3 rats
66 creatures vanquished.

Vanquished Creatures (collateral kills)
  A jackal (D:3)
1 creature vanquished.

Grand Total: 67 creatures vanquished

Notes
Turn   | Place    | Note
-------+----------+-------------------------------------------
     0 | D:1      | cdecastro the Human Necromancer began the quest for the
                  | Orb.
     0 | D:1      | Reached XP level 1. HP: 13/13 MP: 3/3
   226 | D:1      | Reached XP level 2. HP: 16/19 MP: 1/5
   601 | D:1      | Reached skill level 5 in Necromancy
   601 | D:1      | Reached XP level 3. HP: 5/24 MP: 2/6
   602 | D:1      | HP: 1/24 [kobold/+0 dagger (4)]
   994 | D:2      | Learned a level 3 spell: Vampiric Draining
  1247 | D:2      | Reached XP level 4. HP: 11/30 MP: 0/7
  1407 | D:2      | Noticed a phantom
  2540 | D:3      | Reached skill level 6 in Necromancy
  2871 | D:3      | Reached XP level 5. HP: 35/35 MP: 2/8
  3233 | D:3      | Found a glowing silver altar of Zin.
  3233 | D:3      | Noticed an angel
  3453 | D:3      | Learned a level 4 spell: Animate Dead
  3454 | D:4      | Noticed an ogre
  3630 | D:4      | Reached skill level 7 in Necromancy
  3691 | D:4      | Reached XP level 6. HP: 41/41 MP: 3/9
  3792 | D:4      | Found a staircase to the Ecumenical Temple.
  4043 | D:4      | Found a sand-covered staircase.
  4051 | D:4      | HP: 1/41 [mummy (4)]
  4052 | D:4      | Constricted to death by a ball python

Illustrated notes

Levels and vault maps discovered:
D:1:      saegor_arrival_miasma, layout_basic, minmay_split_cup_small
D:2:      layout_basic, roderic_lattice_a
D:3:      layout_basic, zin_angel, serial_bayou_pond_c,
          kennysheep_generic_room_15
D:4:      layout_loops_cross, temple_statues, nicolae_ossuary_entry_giza,
          nicolae_concentric_dashed_squares_wild, uniq_crazy_yiuf_cottage,
          uniq_pikel

Skill      XL: |  1  2  3  4  5 |
---------------+----------------+-----
Necromancy     | 5 6 7 |  7.2
Dodging        | |  2.0
Stealth        | |  2.0
Spellcasting   | |  2.0

Action                     |  1- 3 |  4- 6 || total
---------------------------+-------+-------++-------
  Melee: Dagger            |    22 |    13 ||    35
         Spear             |       |    12 ||    12
   Cast: Necrotise         |    48 |    98 ||   146
 Armour: Robe              |    23 |    40 ||    63
  Dodge: Dodged            |    32 |    51 ||    83
